 Dungeon Crawl Stone Soup version 0.29-a0-823-gc37b1572da (webtiles) character file.

Game seed: 15442383912893405549

18 zeratav the Stinger (level 2, -1/25 HPs)
             Began as an Octopode Venom Mage on July 8, 2022.
             Succumbed to an adder's poison
             ... on level 2 of the Dungeon.
             The game lasted 00:01:17 (1016 turns).

zeratav the Stinger (Octopode Venom Mage)           Turns: 1016, Time: 00:01:18

Health: -1/25      AC:  1    Str:  7    XL:     2   Next: 66%
Magic:  5/5        EV: 13    Int: 17    God:
Gold:   17         SH:  0    Dex: 12    Spells: 4/5 levels left

rFire   . . .      SeeInvis .   j - +0 quarterstaff (speed) {staff}
rCold   . . .      Faith    .   (shield currently unavailable)
rNeg    . . .      Spirit   .   (helmet restricted)
rPois   .          Reflect  .   (no amulet)
rElec   .          Harm     .   (no ring)
rCorr   .          Rampage  .   (no ring)
Will    .....                   (no ring)
Stlth   ..........              (no ring)
HPRegen 0.08/turn               (no ring)
MPRegen 0.09/turn               (no ring)
                                (no ring)
                                (no ring)

@: berserking, lethally poisoned (-1 -> -10), very quick
A: almost no armour, amphibious, 8 rings, camouflage 1, gelatinous body 1,
(nimble swimmer 1), tentacles
a: no special abilities


You were on level 2 of the Dungeon.
You visited 1 branch of the dungeon, and saw 2 of its levels.

You collected 17 gold pieces.


Innate Abilities, Weirdness & Mutations

You cannot wear most types of armour.
You are amphibious.
You can wear up to eight rings at the same time.
Your skin changes colour to match your surroundings (Stealth+).
Your rubbery body absorbs attacks. (AC +1, EV +1)
((You are camouflaged when in or above water. (Stealth+)))
You have tentacles for arms and can constrict up to eight enemies at once.


   Skills:
 - Level 2.0 Dodging
 + Level 3.7 Stealth
 - Level 2.0 Spellcasting
 - Level 1.0 Transmutations
 + Level 4.2 Poison Magic


You had 4 spell levels left.
You knew the following spells:

 Your Spells              Type           Power      Damage    Failure   Level
a - Sting                 Tmut/Pois      40%        1d5       7%          1

Your spell library contained the following spells:

 Spells                   Type           Power      Damage    Failure   Level
 Poisonous Vapours        Pois/Air       16%        N/A       12%         2
 Foxfire                  Conj/Fire      4%         2x1d4     19%         1
 Magic Dart               Conj           4%         1d3       19%         1
 Searing Ray              Conj           2%         2d4       28%         2
 Mephitic Cloud           Conj/Pois/Air  6%         N/A       32%         3
 Olgreb's Toxic Radiance  Pois           16%        N/A       34%         4
 Conjure Flame            Conj/Fire      1%         6-21      50%         3
 Inner Flame              Hex/Fire       1%         N/A       50%         3
 Flame Wave               Conj/Fire      1%         2d4       88%         4
 Fulminant Prism          Conj/Hex       0%         3d6       88%         4

Inventory:

Hand Weapons
 j - a +0 quarterstaff of speed (weapon) {staff}
   (You found it on level 1 of the Dungeon)
Missiles
 d - 2 poisoned darts (quivered) {throwing}
Scrolls
 b - a scroll of teleportation {unknown}
 c - 2 scrolls of identify {unknown}
 e - a scroll of poison {unknown}
 g - a scroll of noise {unknown}
 i - a scroll of blinking {unknown}
 k - a scroll of summoning {unknown}
Potions
 a - a potion of magic
 h - a potion of curing {unknown}
 l - a potion of degeneration {unknown}

Dungeon Overview and Level Annotations

Branches:
Dungeon (2/15) Zot: 10986

Altars:

..##### ##
....... #####
......? ...###
....... ...##
..[.... ....
....... ..# #
.......#..#...#
......S@.).....
......S...##...
.....(###.#
.#.Jw. ...
...## ... ##
....# .... ....


You could see a worm, an adder (very poisoned), an endoplasm and a ball python.


Message History

There is an open door here.
As you open the door, it creaks loudly!
There is an open door here.
You open the door.
There is an open door here.
k - a scroll labelled KASIEDGH WEIQ No target in view!
You now have 17 gold pieces (gained 6).
A dart slug comes into view.
A dart slug is nearby!
A dart slug is nearby!
A dart slug is nearby!
The helpless dart slug fails to defend itself.
You sock the dart slug!
You kill the dart slug!
No target in view!
No target in view!
No target in view!
No target in view!
No target in view!
No target in view!
No target in view!
No target in view!
No target in view!
No target in view!
You drop a +0 dagger {short}.
You open the door.
There is an open door here.
You open the door.
There is an open door here.
b - a scroll labelled AHOYRIC OKHAXT You open the door.
There is an open door here.
There is a staircase leading out of the dungeon here.
You open the door.
There is an open door here.
l - a silvery potion You pick up a book of Flames and begin reading...
You add the spells Foxfire, Conjure Flame, Inner Flame and Flame Wave to your library.
There is an open door here.
There is a staircase leading out of the dungeon here.
There is an open door here.
There is an open door here.
As you open the door, it creaks loudly!
There is an open door here.
You open the door.
There is an open door here.
Found a stone staircase leading down.
Done exploring.
Done exploring.
Done exploring.
Done exploring.
Search for what [? for help]? dart Unknown command.
(D) Dungeon
Where to? (? - help)
There is a stone staircase leading down here.
You climb downwards.
There is a stone staircase leading up here.
There are monsters nearby!
You throw a poisoned dart {throwing}.
The poisoned dart {throwing} hits the adder.
The adder is poisoned.
The adder hisses angrily.
The ball python hisses angrily.
You throw a poisoned dart {throwing}.
The poisoned dart {throwing} hits the adder.
The adder looks even sicker.
The adder barely misses you.
You throw a poisoned dart {throwing}.
The poisoned dart {throwing} misses the adder.
The adder misses you.
An endoplasm comes into view.
You barely miss the adder. Your grab misses the adder.
You tentacle-slap the adder. The adder bites you.
You are poisoned.
The adder poisons you! The adder bites you.
You are lethally poisoned!
The adder poisons you!
HP[-5]
You take 5 damage, and now have 12/17 hp.
MASSIVE DAMAGE!! (PAUSE)
You barely miss the adder. Your grab misses the adder.
You feel very sick. The adder bites you.
* * * LOW HITPOINT WARNING * * *
HP[-7]
You take 7 damage, and now have 5/17 hp.
MASSIVE DAMAGE!! (PAUSE)
You miss the adder. Your grab misses the adder.
* * * LOW HITPOINT WARNING * * *
You feel sick.
A worm comes into view.
The adder bites you.
* * * LOW HITPOINT WARNING * * *
HP[-4]
You take 4 damage, and now have 1/17 hp.
MASSIVE DAMAGE!! (PAUSE) It was a potion of berserk rage.
A red film seems to cover your vision as you go berserk!
You feel yourself moving faster!
You feel mighty!
You die...

Skill      XL: |  1  2 |
---------------+-------+-----
Stealth        | 3 |  3.7
Poison Magic   | 4 |  4.2
Dodging        | |  2.0
Spellcasting   | |  2.0
Transmutations | |  1.0

Action                   || total
-------------------------++-------
Melee: Unarmed           ||    11
       Constrict         ||     6
       Dagger            ||     9
       Quarterstaff      ||    10
       Punch             ||     1
       Tentacles         ||     1
Throw: Dart              ||    17
 Cast: Sting             ||     4
  Use: Potion            ||     1
 Stab: Sleeping          ||     3
Armor: Skin              ||     5
Dodge: Dodged            ||    22

Levels and vault maps discovered:
D:1:      dpeg_arrival_tiny_h, layout_basic,
          nicolae_concentric_dashed_squares_mild
D:2:      layout_basic, basic_altar, reono_crystal_passage, serial_bayou_lake_a

Notes
Turn   | Place    | Note
-------+----------+-------------------------------------------
     0 | D:1      | zeratav the Octopode Venom Mage began the quest for the
                  | Orb.
     0 | D:1      | Reached XP level 1. HP: 11/11 MP: 3/3
     0 | D:1      | magus.rc [v1.9.6]
   234 | D:1      | Reached skill level 3 in Stealth
   374 | D:1      | Reached XP level 2. HP: 17/17 MP: 5/5
   440 | D:1      | Reached skill level 4 in Poison Magic
   773 | D:1      | You pick up a book of Conjurations {@e2} and begin
                  | reading...
   773 | D:1      | You add the spells Magic Dart, Searing Ray and Fulminant
                  | Prism to your library.
   908 | D:1      | You pick up a book of Flames and begin reading...
   908 | D:1      | You add the spells Foxfire, Conjure Flame, Inner Flame and
                  | Flame Wave to your library.
  1015 | D:2      | HP: 3/17 [poisoned by an adder]
  1015 | D:2      | HP: 1/17 [adder (2)]
  1016 | D:2      | Succumbed to an adder's poison

Vanquished Creatures
  2 dart slugs (D:1)
  A bat (D:1)
  An endoplasm (D:1)
  A goblin (D:1)
  5 kobolds (D:1)
  A quokka (D:1)
  A ball python (D:1)
  A frilled lizard (D:1)
13 creatures vanquished.

Table legend:
 A = Non-vault XP
 B = Vault XP
 C = Vault XP percentage of total XP
 D = Non-vault monster count
 E = Vault monster count
 F = Vault count percentage of total count
                 A         B        C        D         E       F
            +---------+---------+-------+---------+---------+-------
      Total |      26 |       0 |   0.0 |      13 |       0 |   0.0
            +---------+---------+-------+---------+---------+-------
        D:1 |      26 |       0 |   0.0 |      13 |       0 |   0.0
            +---------+---------+-------+---------+---------+-------

Illustrated notes

Table legend:
 A = Kills in this place as a percentage of kills in entire the game.
 B = Kills by you in this place as a percentage of kills by you in the entire game.
 C = Kills by friends in this place as a percentage of kills by friends in the entire game.
 D = Other kills in this place as a percentage of other kills in the entire game.
 E = Experience gained in this place as a percentage of experience gained in the entire game.
 F = Experience gained in this place divided by the number of levels of this place that you have seen.
                   A       B       C       D       E      F
               +-------+-------+-------+-------+-------+----------------------
         Total | 100.0 | 100.0 |   N/A |   N/A | 100.0 |  13.0
       Dungeon | 100.0 | 100.0 |   N/A |   N/A | 100.0 |  13.0
               +-------+-------+-------+-------+-------+----------------------

Table legend: (Time is in decaauts)
 A = Elapsed time spent in this place.
 B = Non-inter-level travel time spent in this place.
 C = Inter-level travel time spent in this place.
 D = Time resting spent in this place.
 E = Time spent auto-exploring this place.
 F = Levels seen in this place.
 G = Mean time per level.
                   A        B        C        D        E       F      G
               +--------+--------+--------+--------+--------+-----+--------+
         Total |   1013 |   1005 |      8 |     96 |    780 |   2 |  506.5 |
       Dungeon |   1013 |   1005 |      8 |     96 |    780 |   2 |  506.5 |
               +--------+--------+--------+--------+--------+-----+--------+

Top non-repeatable levels by time:
     D:1: 1007 daAuts
     D:2: 6 daAuts
